 Dungeon Crawl Stone Soup version 0.21.1-1-g345015f (webtiles) character file.

11767 Jawreze the Cleaver (level 11, -1/94 HPs)
             Began as a Hill Orc Necromancer on May 28, 2018.
             Was a Priest of Yredelemnul.
             Slain by an ice beast (6 damage)
             ... summoned by an ice statue
             ... in an ice cave.
             The game lasted 00:47:37 (14105 turns).

Jawreze the Cleaver (Hill Orc Necromancer)         Turns: 14105, Time: 00:47:38

Health: -1/94      AC:  8    Str: 12    XL:     11   Next: 82%
Magic:  2/15       EV: 11    Int: 18    God:    Yredelemnul [***...]
Gold:   341        SH:  0    Dex: 11    Spells: 2/16 levels left

rFire    . . .     SeeInvis .   M - +0 war axe
rCold    + . .     Gourm    .   (no shield)
rNeg     . . .     Faith    .   t - +3 leather armour {rC+}
rPois    .         Spirit   .   r - +0 helmet
rElec    .         Reflect  .   (no cloak)
rCorr    .         Harm     .   B - +0 pair of gloves
MR       .....                  (no boots)
Stlth    +.........             (no amulet)
HPRegen  0.25/turn              (no ring)
MPRegen  0.14/turn              (no ring)

@: no status effects
A: no striking features
a: Recall Undead Slaves, Injury Mirror, Animate Dead, Renounce Religion


You were in an ice cave.
You worshipped Yredelemnul.
Yredelemnul was most pleased with you.
You were hungry.

You visited 3 branches of the dungeon, and saw 11 of its levels.
You also visited: Ice Cave.

You collected 528 gold pieces.
You spent 187 gold pieces at shops.

Inventory:

Hand Weapons
 e - a +0 dagger of venom
 h - a +0 dagger of speed
 j - a +2 short sword of flaming
 y - a +4 rapier
 z - a +0 rapier of draining
 H - a +0 hand axe
 K - a +4 hand axe
 M - a +0 war axe (weapon)
Armour
 a - a +0 robe
 r - a +0 helmet (worn)
 t - a +3 leather armour of cold resistance (worn)
 B - a +0 pair of gloves (worn)
Jewellery
 v - an uncursed ring of wizardry {unknown}
 I - a +4 ring of dexterity {unknown}
Wands
 D - a wand of flame (22)
 G - a wand of disintegration (13)
 N - a wand of paralysis (16)
Scrolls
 d - 7 scrolls of identify
 g - a scroll of teleportation
 k - 2 scrolls of fog {unknown}
 l - 5 scrolls of enchant weapon
 m - a scroll of immolation {unknown}
 n - 6 scrolls of magic mapping {unknown}
 o - 6 scrolls of remove curse
 q - 3 scrolls of noise {unknown}
 w - 2 scrolls of fear {unknown}
 x - a scroll of silence {unknown}
 C - 2 scrolls of blinking {unknown}
 F - a scroll of brand weapon {unknown}
 J - a scroll of random uselessness {unknown}
Potions
 f - 2 potions of mutation {unknown}
 i - a potion of curing {unknown}
 p - 2 potions of cancellation
 s - 4 potions of might
 u - a potion of magic {unknown}
 E - a potion of invisibility
 L - a potion of resistance {unknown}
Books
 b - a book of Necromancy

   Spells                             Type                      Level
   a - Pain                           Necromancy                   1
   b - Animate Skeleton               Necromancy                   1
   c - Vampiric Draining              Necromancy                   3
   d - Regeneration                   Charms/Necromancy            3
   e - Animate Dead                   Necromancy                   4
   f - Borgnjor's Vile Clutch         Necromancy/Earth             5
Comestibles
 c - 21 rations


   Skills:
 - Level 8.0 Fighting
 * Level 12.6 Axes
 + Level 4.3 Armour
 - Level 1.6 Dodging
 - Level 1.6 Stealth
 - Level 3.0 Spellcasting
 - Level 10.0 Necromancy
 + Level 9.2 Earth Magic


You had 2 spell levels left.
You knew the following spells:

 Your Spells              Type           Power        Failure   Level  Hunger
a - Pain                  Necr           ####         1%          1    None
b - Animate Skeleton      Necr           N/A          1%          1    None
c - Animate Dead          Necr           N/A          3%          4    ####...
d - Borgnjor's Vile Clut  Necr/Erth      #####.....   11%         5    ######.
e - Regeneration          Chrm/Necr      ###.......   8%          3    ###....


Dungeon Overview and Level Annotations

Branches:
Dungeon (8/15)             Temple (1/1) D:7            Lair (2/6) D:8
  Swamp: Lair:2-4    Shoals: Lair:2-4     Snake: Lair:2-4    Spider: Lair:2-4

Altars:
Cheibriados
Dithmenos
Elyvilon
Gozag
Hepliaklqana
Makhleb
Sif Muna
Trog
Vehumet
Wu Jian
Yredelemnul
The Shining One
Beogh

Shops:
D:6 ?

Annotations:
D:6 Jaiteiro's ghost, novice GrIE IceCv exclusion: 3 ice statues


Message History

Marking area around the ice statue as unsafe for travelling. 2 ice statues come into view.
Okay, then.
You feel much better.
You are engulfed in freezing vapours.
You resist.
* * * LOW HITPOINT WARNING * * *
The ice statue gestures.
As you read the scroll of teleportation, it crumbles to dust.
You feel strangely unstable.
You are engulfed in freezing vapours.
You resist.
* * * LOW HITPOINT WARNING * * *
Unknown command.
Really walk into that cloud of freezing vapour?
Okay, then.
Unknown command.
The ice statue gestures at you.
Your surroundings seem slightly different.
The ice beast hits you.
* * * LOW HITPOINT WARNING * * *
The ice beast freezes you. You resist.
You die...
Your body rises from the dead as a mindless zombie.

###### #############
#)?$..## ##....8#$?(..#
#(.....###......#(.....
#.....@.#.......#......
#......Y#..§....#......
#[.....u8§.§§..........
#.......#.§§§...#......
#.......#§§§§...#......
#?.....###§§§...#......
#=?)..## ##.§..8#..(..#
###### ############


You could see an ice statue, a white ugly thing and an ice beast.

Vanquished Creatures
  A hydra (Lair:1)
  Erica (D:8)
  A two-headed ogre (D:8)
  Pikel (D:6)
  Joseph (D:8)
  A spiny frog (Lair:1)
  A komodo dragon (D:8)
  2 rime drakes (Lair:2)
  A shadow (D:7)
  17 yaks
  A wyvern (D:8)
  Eustachio (D:4)
  Menkaure (D:6)
  Edmund (D:6)
  A porcupine (Lair:1)
  5 orc warriors (D:8)
  2 water moccasins
  8 ice beasts
  2 slaves (D:6)
  A sky beast (D:5)
  A black bear (D:7)
  A phantom (D:7)
  2 ogres (D:8)
  4 centaurs
  3 crocodiles (Lair:1)
  A big kobold (D:8)
  2 gnoll sergeants (D:8)
  8 bullfrogs
  5 killer bees
  A howler monkey (D:6)
  6 crimson imps
  2 bullfrog zombies (D:6)
  A quasit (D:5)
  A centaur zombie (D:8)
  2 jellies
  4 orc wizards
  4 orc priests
  A hound (D:6)
  A centaur skeleton (D:8)
  2 iguanas
  4 worker ants
  A hound skeleton (D:6)
  17 gnolls
  4 adders
  2 shadow imps
  An ooze (D:5)
  3 adder zombies
  2 worms (D:2)
  2 dart slugs
  5 leopard geckos
  45 orcs
  4 ball pythons
  6 bats
  6 giant cockroaches
  6 goblins
  9 hobgoblins
  2 jackals (D:7)
  13 kobolds
  4 quokkas
  5 frilled lizards
  2 goblin skeletons (D:5)
  2 goblin zombies (D:5)
  3 hobgoblin zombies (D:5)
  2 kobold zombies (D:5)
  An orc zombie (D:5)
  10 rats
  2 fungi (Lair:1)
  6 plants (D:8)
271 creatures vanquished.

Vanquished Creatures (collateral kills)
  3 yaks (Lair:1)
  A bullfrog (Lair:1)
4 creatures vanquished.

Vanquished Creatures (others)
  A fungus (Lair:1)
1 creature vanquished.

Grand Total: 276 creatures vanquished

Notes
Turn   | Place    | Note
-------+----------+-------------------------------------------
     0 | D:1      | Jawreze the Hill Orc Necromancer began the quest for the Orb.
     0 | D:1      | Reached XP level 1. HP: 14/14 MP: 3/3
   414 | D:1      | Reached XP level 2. HP: 20/20 MP: 2/4
   430 | D:1      | Learned a level 1 spell: Animate Skeleton
   852 | D:1      | Reached XP level 3. HP: 27/27 MP: 5/5
   884 | D:1      | Reached skill level 1 in Fighting
  1675 | D:2      | Reached XP level 4. HP: 35/35 MP: 5/7
  1687 | D:2      | Reached skill level 5 in Necromancy
  2127 | D:2      | Found an opulent altar of Gozag.
  2127 | D:2      | Found a faded altar of an unknown god.
  2132 | D:2      | Found an ornate altar of the Wu Jian Council.
  2134 | D:2      | Found a faded altar of an unknown god.
  2136 | D:2      | Found a snail-covered altar of Cheibriados.
  2592 | D:2      | Reached XP level 5. HP: 34/41 MP: 3/8
  2866 | D:3      | Learned a level 4 spell: Animate Dead
  3160 | D:3      | Reached XP level 6. HP: 35/50 MP: 5/9
  3267 | D:3      | Found a glowing golden altar of the Shining One.
  3801 | D:4      | Found a white marble altar of Elyvilon.
  4289 | D:4      | Reached XP level 7. HP: 54/58 MP: 8/11
  4372 | D:4      | Learned a level 5 spell: Borgnjor's Vile Clutch
  4624 | D:4      | Noticed Eustachio
  4732 | D:4      | Killed Eustachio
  4732 | D:4      | Reached skill level 1 in Earth Magic
  4823 | D:5      | Entered Level 5 of the Dungeon
  4824 | D:5      | Found a deep blue altar of Sif Muna.
  5282 | D:5      | Reached XP level 8. HP: 56/66 MP: 6/12
  5587 | D:5      | Found a glowing golden altar of the Shining One.
  5924 | D:5      | Found a shadowy altar of Dithmenos.
  6319 | D:6      | Noticed Edmund
  6338 | D:6      | Killed Edmund
  6344 | D:6      | Reached skill level 5 in Earth Magic
  6786 | D:6      | Noticed Jaiteiro's ghost (novice GrIE)
  7374 | D:6      | Reached skill level 1 in Axes
  7576 | D:6      | Reached skill level 2 in Axes
  7946 | D:6      | Found Ocaugi Jodghe's Magic Scroll Shoppe.
  7952 | D:6      | Bought a scroll of enchant weapon for 112 gold pieces
  7952 | D:6      | Bought a scroll of identify for 30 gold pieces
  7952 | D:6      | Bought a scroll of remove curse for 45 gold pieces
  7954 | D:6      | Noticed Menkaure
  7964 | D:6      | Killed Menkaure
  7964 | D:6      | Reached skill level 3 in Axes
  7964 | D:6      | Reached XP level 9. HP: 4/72 MP: 13/13
  8396 | D:6      | Noticed Pikel
  8407 | D:6      | Killed Pikel
  8407 | D:6      | Reached skill level 5 in Fighting
  8407 | D:6      | Reached skill level 4 in Axes
  8531 | D:7      | Found a flagged portal.
  8611 | D:7      | Found a staircase to the Ecumenical Temple.
  8619 | Temple   | Entered the Ecumenical Temple
  8648 | Temple   | Became a worshipper of Yredelemnul the Dark
  8724 | D:7      | Reached skill level 5 in Axes
  9213 | D:7      | Reached skill level 6 in Axes
  9760 | D:8      | Learned a level 3 spell: Regeneration
 10201 | D:8      | Noticed Joseph
 10207 | D:8      | Killed Joseph
 10207 | D:8      | Reached skill level 7 in Axes
 10207 | D:8      | Reached XP level 10. HP: 64/84 MP: 4/14
 10312 | D:8      | Noticed Erica
 10680 | D:8      | Killed Erica
 10680 | D:8      | Reached * piety under Yredelemnul
 10680 | D:8      | Reached skill level 8 in Axes
 11156 | D:8      | Noticed a two-headed ogre
 11176 | D:8      | Killed a two-headed ogre
 11176 | D:8      | Reached skill level 9 in Axes
 11584 | D:8      | Found a roughly hewn altar of Beogh.
 11598 | D:8      | Reached skill level 10 in Axes
 11621 | D:8      | Reached ** piety under Yredelemnul
 12059 | D:8      | Found a staircase to the Lair.
 12072 | D:8      | Reached XP level 11. HP: 92/94 MP: 1/15
 12160 | Lair:1   | Entered Level 1 of the Lair of Beasts
 12271 | D:8      | Reached skill level 1 in Armour
 12785 | Lair:1   | Reached skill level 11 in Axes
 12796 | Lair:1   | Reached skill level 10 in Necromancy
 12955 | Lair:1   | Reached *** piety under Yredelemnul
 13643 | Lair:1   | Noticed a seven-headed hydra
 13650 | Lair:1   | Killed a seven-headed hydra
 13650 | Lair:1   | Reached skill level 12 in Axes
 14003 | Lair:2   | Found a frozen archway.
 14053 | IceCv    | Entered an ice cave
 14078 | IceCv    | Noticed a white ugly thing
 14104 | IceCv    | Noticed a white ugly thing
 14105 | IceCv    | Slain by an ice beast

Skill      XL: |  1  2  3  4  5  6  7  8  9 10 11 |
---------------+----------------------------------+-----
Fighting       | 1 2 3 4 6 8 |  8.0
Spellcasting   | 2 3 |  3.0
Necromancy     | 5 6 7 8 9 10 | 10.0
Earth Magic    | 3 6 7 8 9 |  9.2
Axes           | 3 7 10 12 | 12.6
Armour         | 4 |  4.3
Dodging        | |  1.6
Stealth        | |  1.6

Action                   |  1- 3 |  4- 6 |  7- 9 | 10-12 || total
-------------------------+-------+-------+-------+-------++-------
Melee: Dagger            |    10 |    30 |    98 |       ||   138
       Short sword       |    21 |    24 |   268 |     8 ||   321
       Falchion          |       |       |     1 |       ||     1
       Hand axe          |       |       |    42 |    79 ||   121
       Rapier            |       |       |    35 |       ||    35
       War axe           |       |       |       |   110 ||   110
 Cast: Pain              |    47 |   129 |   110 |    83 ||   369
       Animate Skeleton  |     2 |       |       |       ||     2
       Animate Dead      |       |     1 |     2 |     7 ||    10
       Borgnjor's Vile C |       |       |     4 |    29 ||    33
       Regeneration      |       |       |     1 |       ||     1
  Use: Scroll            |       |       |     7 |     2 ||     9
       Potion            |       |       |     2 |     2 ||     4
  Eat: Chunk             |     3 |     8 |     9 |    16 ||    36
       Ration            |       |       |     4 |     3 ||     7
Armor: Robe              |     6 |     7 |       |       ||    13
       Leather armour    |       |    10 |   288 |    39 ||   337
Dodge: Dodged            |    29 |    50 |   344 |   102 ||   525
       Rpst.: Falchion   |       |       |     2 |       ||     2
